Selects Italian Coastal Battlegroup
Selects Artillery Officer
Construct Infanterie Kompanie
Selects Designated Artillery Overwatch
Designated Artillery Overwatch
Construct Luftwaffe Kompanie
Construct Panzergrenadier Kompanie
Selects Call the Reserves!
Nebelwerfer 42 Rocket Launcher Team
Construct Panzer Kompanie
Designated Artillery Overwatch
Designated Artillery Overwatch
Designated Artillery Overwatch